 Dungeon Crawl Stone Soup version 0.31-a0-1098-g6898e6545c (webtiles) character file.

Game seed: 12440360387354608753

58 Spect the Chopper (level 3, -1/46 HPs)
             Began as a Minotaur Gladiator on Nov 30, 2023.
             Succumbed to Sigmund's poison
             ... on level 2 of the Dungeon.
             The game lasted 00:03:15 (1311 turns).

Spect the Chopper (Minotaur Gladiator)              Turns: 1311, Time: 00:03:15

Health: -1/46      AC: 21    Str: 20    XL:     3   Next: 76%
Magic:  2/2        EV:  2    Int:  5    God:
Gold:   136        SH:  0    Dex: 11    Spells: 2/2 levels left

rFire   . . .        a - +0 war axe
rCold   . . .        (no shield)
rNeg    . . .        g - melded +0 chain mail
rPois   +            c - melded +0 hat
rElec   .            (cloak currently unavailable)
rCorr   .            (gloves currently unavailable)
SInv    .            p - melded +0 pair of boots
Will    .....        (no amulet)
Stlth   +            (no ring)
HPRegen 0.27/turn    (no ring)
MPRegen 0.08/turn

%: no passive effects
@: confused, mighty, lethally poisoned (-1 -> -15), tree-form
A: stationary, stasis, torment immunity, boosted hp, (horns 2), (retaliatory
headbutt)
a: no special abilities


You were on level 2 of the Dungeon.
You were a tree.
You visited 1 branch of the dungeon, and saw 2 of its levels.

You collected 136 gold pieces.

Inventory:

Hand Weapons
 a - a +0 war axe (weapon)
Missiles
 d - 3 throwing nets (quivered)
 e - a javelin
 m - 2 boomerangs
 n - 6 poisoned darts
Armour
 c - a +0 hat (melded)
 g - a +0 chain mail (melded)
 p - a +0 pair of boots (melded)
Scrolls
 f - a scroll of silence {unknown}
 h - a scroll of amnesia {unknown}
 i - a scroll of summoning {unknown}
 o - a scroll of identify {unknown}


   Skills:
 + Level 3.4 Fighting
 * Level 5.1 Axes
 - Level 2.0 Throwing
 - Level 3.3 Dodging


You had 2 spell levels left.
You didn't know any spells.
Your spell library was empty.

Dungeon Overview and Level Annotations

Branches:
Dungeon (2/15)

Altars:

Shops:
D:1 ?

Annotations:
D:2 Sigmund


Innate Abilities, Weirdness & Mutations

You are a tree.
Your roots penetrate the ground, keeping you stationary.
You cannot be teleported.
You are immune to unholy pain and torment.
Your maximum health is greatly increased.
Your equipment is partially melded.
((You have a pair of horns on your head.))
((You reflexively headbutt those who attack you in melee.))


Message History

Sigmund points at you and mumbles some strange words.
You are confused.
You are too confused!
You are too confused!
You bump into the rock wall.
You feel sick.
Sigmund hits you with a +2 scythe of venom.
You are more poisoned.
You barely miss Sigmund.
You feel very sick.
You feel sick. Sigmund hits you but does no damage.
You are more poisoned.
You bump into the rock wall.
You feel very sick.
Sigmund hits you from afar with a +2 scythe of venom.
You are lethally poisoned!
You are too confused!
You're too confused to move!
You feel less confused.
* * * LOW HITPOINT WARNING * * *
You feel very sick.
* * * LOW HITPOINT WARNING * * *
You feel very sick.
It was a potion of lignification.
You turn into a tree.
Your +0 hat melds into your body.
Your +0 pair of boots melds into your body.
Your +0 chain mail melds into your body.
Your roots penetrate the ground.
* * * LOW HITPOINT WARNING * * *
You feel very sick. Sigmund hits you but does no damage.
You are more poisoned.
It was a potion of magic.
Magic courses through your body.
* * * LOW HITPOINT WARNING * * *
You feel very sick.
Sigmund screams, "Don't try to resist!"
Sigmund points at you and mumbles some strange words.
You are confused.
It was a potion of might.
You feel very mighty all of a sudden.
You die...

#.# #.#
#.# #.#
#.# #.#
####.#
#..@.#
#♣#### #.#
### #.#
#.. #.#
#.# #.#
#.# #.#
#.# .#
#.###.###
..# #
#.#.....#
#.###.
#.#.###.##
#.#.#


You could see Sigmund.

Vanquished Creatures
  An adder (D:2)
  7 endoplasms
  A giant cockroach (D:2)
  3 hobgoblins
  6 jackals (D:1)
  3 kobolds (D:1)
  5 quokkas
  5 ball pythons
  4 bats
  2 frilled lizards
  2 goblins
  6 rats
45 creatures vanquished.

Notes
Turn   | Place    | Note
-------+----------+-------------------------------------------
     0 | D:1      | Spect the Minotaur Gladiator began the quest for the Orb.
     0 | D:1      | Reached XP level 1. HP: 18/18 MP: 0/0
   190 | D:1      | Reached skill level 4 in Axes
   227 | D:1      | Reached XP level 2. HP: 25/25 MP: 1/1
   550 | D:1      | Reached XP level 3. HP: 31/31 MP: 2/2
   587 | D:1      | Found Raprarueki's Magic Scroll Shoppe.
  1177 | D:2      | Reached skill level 5 in Axes
  1292 | D:2      | Noticed Sigmund
  1310 | D:2      | HP: 2/46 [poisoned by Sigmund]
  1311 | D:2      | Succumbed to Sigmund's poison

Illustrated notes

Levels and vault maps discovered:
D:1:      dpeg_arrival_pond, layout_basic, serial_shops, nicolae_shop_waterfront
D:2:      layout_loops_ring, uniq_sigmund

Skill      XL: |  1  2  3 |
---------------+----------+-----
Axes           | 4 5 |  5.1
Fighting       | 3 |  3.4
Throwing       | |  2.0
Dodging        | |  3.3

Action                     || total
---------------------------++-------
  Melee: War axe           ||    78
         Headbutt          ||     7
         Punch             ||     1
    Use: Potion            ||     3
 Armour: Chain mail        ||    60
         Skin              ||     1
  Dodge: Dodged            ||    29

Table legend: (Time is in decaauts)
 A = Elapsed time spent in this place.
 B = Non-inter-level travel time spent in this place.
 C = Inter-level travel time spent in this place.
 D = Time resting spent in this place.
 E = Time spent auto-exploring this place.
 F = Levels seen in this place.
 G = Mean time per level.
                   A        B        C        D        E       F      G
               +--------+--------+--------+--------+--------+-----+--------+
         Total |   1333 |   1228 |    105 |     14 |    964 |   2 |  666.5 |
       Dungeon |   1333 |   1228 |    105 |     14 |    964 |   2 |  666.5 |
               +--------+--------+--------+--------+--------+-----+--------+

Top non-repeatable levels by time:
     D:1: 869 daAuts
     D:2: 463 daAuts
